 Dungeon Crawl Stone Soup version 0.31-a0-675-g238779eb0a (webtiles) character file.

Game seed: 4774758089059491743

28 Essalna the Conjurer (level 3, 24/24 HPs)
             Began as a Demonspawn Conjurer on Sept 5, 2023.
             Got out of the dungeon alive.
             The game lasted 00:01:20 (1075 turns).

Essalna the Conjurer (Demonspawn Conjurer)          Turns: 1075, Time: 00:01:21

Health: 24/24      AC:  3    Str:  7    XL:     3   Next: 0%
Magic:  6/7        EV: 12    Int: 21    God:
Gold:   83         SH:  0    Dex: 11    Spells: 6/7 levels left

rFire   . . .        g - +2 dagger (freeze)
rCold   . . .        (no shield)
rNeg    . . .        a - +0 robe
rPois   .            (helmet restricted)
rElec   .            (no cloak)
rCorr   .            e - +0 pair of gloves
SInv    .            (no boots)
Will    .....        (no amulet)
Stlth   ++           (no ring)
HPRegen 0.24/turn    (no ring)
MPRegen 0.10/turn

%: no passive effects
@: no status effects
A: antennae 1, spiny 1
a: no special abilities


You escaped.
You visited 1 branch of the dungeon, and saw 2 of its levels.

You collected 83 gold pieces.

Inventory:

Hand Weapons
 d - a +0 broad axe
 g - a +2 dagger of freezing (weapon)
Armour
 a - a +0 robe (worn)
 e - a +0 pair of gloves (worn)
Scrolls
 c - a scroll of amnesia {unknown}
 h - 4 scrolls of teleportation {unknown}
 i - a scroll of enchant armour {unknown}
 j - 2 scrolls of fog {unknown}
 k - a scroll of identify {unknown}
Potions
 b - a potion of magic
 f - a potion of invisibility {unknown}


   Skills:
 - Level 1.7 Dodging
 - Level 1.7 Stealth
 + Level 2.7 Spellcasting
 + Level 4.5 Conjurations


You had 6 spell levels left.
You knew the following spells:

 Your Spells              Type           Power      Damage    Failure   Level
a - Magic Dart            Conj           84%        1d7       2%          1

Your spell library contained the following spells:

 Spells                   Type           Power      Damage    Failure   Level
 Searing Ray              Conj           42%        2d6       3%          2
 Dazzling Flash           Conj/Hex       24%        N/A       16%         3
 Frozen Ramparts          Ice            4%         1d1       38%         3
 Fulminant Prism          Conj/Hex       6%         3d7       47%         4
 Iskenderun's Mystic Bla  Conj/Tloc      12%        2d5       47%         4
 Petrify                  Tmut/Erth      2%         N/A       80%         4
 Metabolic Englaciation   Hex/Ice        1%         N/A       98%         5


Dungeon Overview and Level Annotations

Branches:
Dungeon (2/15)

Altars:
Xom

Shops:
D:1 (


Innate Abilities, Weirdness & Mutations

You have a pair of small antennae on your head.
You are partially covered in sharp spines.


Message History

The magic dart hits the adder.
The adder is severely wounded.
The magic dart hits the adder.
You kill the adder!
You can't see any susceptible monsters within range! (Use Z to cast anyway.)
You can't see any susceptible monsters within range! (Use Z to cast anyway.)
You see here an adder corpse.
k - a scroll labelled IKIDWYCOALI A frilled lizard comes into view.
You miscast Magic Dart.
You are very lightly contaminated with residual magic.
Nothing appears to happen.
The magic dart hits the frilled lizard.
You kill the frilled lizard!
You hear an angry hiss.
A frilled lizard comes into view.
The magic dart hits the frilled lizard.
You kill the frilled lizard!
You can't see any susceptible monsters within range! (Use Z to cast anyway.)
You can't see any susceptible monsters within range! (Use Z to cast anyway.)
Your magical contamination has completely faded away.
You open the door.
Found a stone staircase leading up.
A frilled lizard and a goblin come into view.
Found a scroll labelled ANKEIH REETOGH.
There is an open door here.
The magic dart hits the goblin.
You kill the goblin!
The magic dart hits the frilled lizard.
You kill the frilled lizard!
You have reached level 3!
Your experience leads to an increase in your attributes!
Increase (S)trength, (I)ntelligence, or (D)exterity?
You feel clever. x2; Your demonic ancestry asserts itself...
A pair of antennae grows on your head!
There is a stone staircase leading up here.
You climb upwards.
There is a stone staircase leading down here.
There is a staircase leading out of the dungeon here.
You have escaped!

## #.~~≈≈≈≈≈≈≈≈≈≈≈~ .#
#...~~≈≈≈≈≈≈≈≈≈_~
.##############..~≈≈≈≈≈≈≈≈≈≈≈#
.##...........#..~~≈≈≈≈≈≈≈≈≈≈#
.##.#########.....≈≈≈≈≈≈≈≈≈≈≈#
.#..# #.#...~~≈≈≈≈≈≈≈≈≈#
..#.## #......~≈≈≈≈≈≈≈≈≈#
.###.########...##.~~≈≈≈≈≈≈≈≈#
## ##........#..@#..~~≈≈≈≈≈≈≈#
.###.#######.#.......~~≈≈≈≈≈≈#
#.#..# #.#####.....~~~~~≈#
.....# #.# #..........≈#
##...#### #.#######...#######
........## #......##..##
.........# ######>##.##
.........# #)##.#
##...###.########.##.#


There were no monsters in sight!

Vanquished Creatures
  An adder (D:2)
  5 ball pythons
  A bat (D:1)
  3 goblins
  3 kobolds (D:1)
  A quokka (D:1)
  3 frilled lizards (D:2)
  2 rats
19 creatures vanquished.

Notes
Turn   | Place    | Note
-------+----------+-------------------------------------------
     0 | D:1      | Essalna the Demonspawn Conjurer began the quest for the
                  | Orb.
     0 | D:1      | Reached XP level 1. HP: 13/13 MP: 3/3
   201 | D:1      | Found Sunled's Weapon Shoppe.
   318 | D:1      | Gained mutation: You are partially covered in sharp spines.
                  | [demonic ancestry]
   318 | D:1      | Reached XP level 2. HP: 19/19 MP: 1/5
   403 | D:1      | Found a faded altar of an unknown god.
   895 | D:1      | Found a shimmering altar of Xom.
  1056 | D:2      | Gained mutation: You have a pair of small antennae on your
                  | head. [demonic ancestry]
  1056 | D:2      | Reached XP level 3. HP: 24/24 MP: 4/7
  1075 | D:$      | Got out of the dungeon alive.

Illustrated notes

Levels and vault maps discovered:
D:1:      dpeg_arrival_water_altar, layout_loops_ring,
          nicolae_ecumenical_snake_handling, serial_shops,
          nicolae_shop_bloodbath_and_beyond
D:2:      layout_basic, basic_altar

Action                     || total
---------------------------++-------
  Melee: Broad axe         ||     6
   Cast: Magic Dart        ||    25
  Dodge: Dodged            ||     9

Table legend: (Time is in decaauts)
 A = Elapsed time spent in this place.
 B = Non-inter-level travel time spent in this place.
 C = Inter-level travel time spent in this place.
 D = Time resting spent in this place.
 E = Time spent auto-exploring this place.
 F = Levels seen in this place.
 G = Mean time per level.
                   A        B        C        D        E       F      G
               +--------+--------+--------+--------+--------+-----+--------+
         Total |   1080 |   1032 |     48 |      0 |    940 |   2 |  540.0 |
       Dungeon |   1080 |   1032 |     48 |      0 |    940 |   2 |  540.0 |
               +--------+--------+--------+--------+--------+-----+--------+

Top non-repeatable levels by time:
     D:1: 934 daAuts
     D:2: 146 daAuts
